Map: Oxide LE

Players

Krystianer

  • Race: Protoss Protoss

BattleB - Winner!

  • Race: Terran Terran

Event: DreamHack SC2 Masters 2021 Winter

VOD

Have the link to the VOD?

Description

Time

  • Played on: Oct. 8, 2021, 1:16 p.m.
  • Length: 14:47

All games in this series

Show
View Real Time Build Order
Export as new Build Order

Krystianer Protoss 

Build Orders: 1 Gate Expand, Oracle Opening 

Get SALT Encoding   

  12  0:00  Probe  
  13  0:12  Probe  
  14  0:17  Pylon  
  14  0:24  Probe (Chrono Boost)  
  16  0:36  Gateway, Probe (Chrono Boost)  
  16  0:43  Probe (Chrono Boost)  
  16  0:46  Assimilator  
  17  0:51  Probe  
  18  1:03  Probe  
  19  1:15  Probe  
  20  1:30  Nexus  
  20  1:32  Cybernetics Core  
  20  1:36  Probe  
  21  1:42  Assimilator  
  21  1:48  Probe  
  21  1:51  Pylon  
  22  2:00  Probe  
  23  2:06  Adept (Chrono Boost)  
  23  2:12  Probe  
  26  2:16  Stargate  
  26  2:24  Probe (Chrono Boost)  
  26  2:25  Warp Gate  
  27  2:30  Adept  
  27  2:36  Probe (Chrono Boost)  
  32  2:44  Probe (Chrono Boost)  
  32  2:45  Probe (Chrono Boost)  
  33  2:52  Probe (Chrono Boost)  
  33  2:54  Probe (Chrono Boost)  
  33  2:57  Probe (Chrono Boost)  
  34  2:58  Oracle (Chrono Boost)  
  34  3:03  Probe  
  39  3:09  Probe  
  40  3:15  Probe  
  41  3:21  Nexus  
  41  3:23  Probe  
  42  3:27  Probe  
  43  3:35  Gateway  
  43  3:38  Gateway  
  43  3:40  Probe x2  
  45  3:46  Oracle (Chrono Boost)  
  45  3:47  Shield Battery  
  43  3:53  Shield Battery  
  46  3:59  Pylon  
  46  4:07  Probe  
  46  4:08  Probe  
  46  4:26  Stalker  
  46  4:29  Pylon x2  
  46  4:30  Pylon  
  46  4:33  Oracle  
  46  4:34  Stalker x2  
  46  4:35  Probe  
  54  4:38  Probe  
  50  4:48  Probe  
  50  4:51  Probe  
  48  4:59  Stalker x3  
  54  5:00  Probe  
  54  5:04  Probe  
  56  5:12  Probe  
  57  5:16  Probe  
  53  5:24  Probe  
  53  5:28  Probe  
  55  5:29  Probe  
  55  5:32  Twilight Council  
  55  5:34  Pylon  
  55  5:35  Forge  
  56  5:36  Probe  
  56  5:41  Probe x2 (Chrono Boost)  
  57  5:54  Probe x2 (Chrono Boost)  
  57  5:55  Protoss Ground Weapons Level 1 (Chrono Boost)  
  59  5:58  Probe (Chrono Boost)  
  59  6:00  Probe (Chrono Boost)  
  59  6:01  Pylon  
  59  6:02  Probe (Chrono Boost)  
  59  6:03  Charge (Chrono Boost)  
  61  6:04  Probe (Chrono Boost)  
  61  6:08  Probe  
  63  6:13  Probe  
  63  6:16  Probe  
  65  6:19  Gateway x2  
  65  6:20  Probe  
  65  6:22  Gateway  
  65  6:25  Zealot x3, Probe  
  73  6:28  Probe  
  70  6:44  Gateway  
  70  6:45  Stalker x3  
  76  6:47  Gateway, Probe x2  
  76  6:49  Probe  
  76  6:50  Pylon  
  76  6:52  Pylon  
  76  6:53  Assimilator  
  79  6:55  Assimilator  
  79  6:56  Pylon  
  79  7:03  Templar Archives  
  79  7:04  Probe x2  
  81  7:09  Zealot x3  
  81  7:10  Probe  
  88  7:16  Probe  
  88  7:17  Probe  
  88  7:20  Zealot x3  
  96  7:27  Pylon  
  96  7:30  Zealot x3  
  96  7:35  Probe  
  103  7:38  Probe  
  103  7:39  Probe  
  80  7:45  Zealot x5  
  80  7:48  Phoenix  
  88  7:52  Zealot x3  
  88  7:54  Protoss Ground Armor Level 1 (Chrono Boost)  
  94  8:02  Pylon  
  90  8:07  High Templar  
  90  8:08  Zealot x3, High Templar  
  90  8:12  Archon  
  98  8:13  Zealot, Phoenix (Chrono Boost)  
  98  8:14  Zealot x2  
  98  8:19  Assimilator  
  106  8:33  Phoenix (Chrono Boost)  
  99  8:34  Zealot x6  
  99  8:37  Probe  
  108  8:47  Zealot x2  
  108  8:51  Robotics Facility  
  108  8:53  Phoenix (Chrono Boost), Assimilator  
  108  8:54  Zealot x4  
  118  9:02  Robotics Facility  
  118  9:05  Pylon  
  118  9:13  Zealot x4  
  118  9:15  Sentry x3  
  132  9:22  Zealot  
  130  9:35  Zealot x3  
  130  9:36  Zealot  
  124  9:38  Probe  
  124  9:39  Immortal (Chrono Boost)  
  124  9:42  Zealot  
  124  9:43  Zealot x2  
  124  9:45  Probe  
  134  9:48  Zealot  
  124  9:56  Zealot x2, High Templar x2  
  130  10:02  Archon  
  130  10:04  Zealot x3  
  114  10:11  Zealot  
  98  10:17  Zealot x2  
  98  10:18  Probe  
  93  10:22  Immortal (Chrono Boost)  
  93  10:25  Zealot x3  
  93  10:27  Probe  
  96  10:30  Probe  
  97  10:41  High Templar x4, Protoss Ground Armor Level 2 (Chrono Boost)  
  97  10:42  Robotics Facility  
  103  10:45  Archon  
  103  10:46  Archon  
  103  10:49  Zealot  
  105  10:54  Nexus  
  105  10:55  Pylon  
  105  10:57  Zealot x3  
  91  11:07  Immortal (Chrono Boost)  
  93  11:13  High Templar x2  
  93  11:14  Zealot x3  
  93  11:17  Archon  
  93  11:18  Zealot x2  
  107  11:20  Zealot  
  107  11:24  Probe x2  
  107  11:38  Zealot x3  
  107  11:39  Zealot x2  
  113  11:42  Zealot  
  113  11:44  Phoenix  
  113  11:45  Probe  
  110  11:47  Probe  
  101  11:59  Zealot x4  
  101  12:00  Zealot  
  99  12:04  Zealot, High Templar x2  
  99  12:08  Archon  
  95  12:21  Zealot x5  
  95  12:22  Immortal (Chrono Boost)  
  98  12:26  Zealot  
  98  12:28  Shield Battery  
  94  12:43  High Templar x2  
  92  12:45  High Templar x2  
  92  12:46  Zealot x3  
  92  12:48  Archon  
  92  12:49  Archon  
  92  12:50  Zealot  
  108  12:53  Probe  
  108  12:54  Immortal (Chrono Boost)  
  108  12:58  Immortal (Chrono Boost)  
  103  13:02  Pylon  
  99  13:07  Zealot x2  
  99  13:08  Zealot  
  99  13:12  Zealot  
  101  13:15  Zealot  
  101  13:16  Zealot  
  101  13:18  Zealot x2  
  99  13:21  Observer (Chrono Boost)  
  94  13:29  Zealot x3  
  92  13:34  Zealot  
  92  13:39  Zealot x4  
  100  13:41  Immortal  
  100  13:44  Robotics Bay  
  100  13:51  Zealot, Assimilator, High Templar x2  
  100  13:53  Assimilator  
  100  13:55  Archon  
  106  13:56  Zealot  
  106  13:59  Zealot x4  
  98  14:17  Zealot x2  
  98  14:20  Zealot x4  
  100  14:24  Zealot x2  
  100  14:26  Observer (Chrono Boost)  
  79  14:41  Zealot x6  
Show
View Real Time Build Order
Export as new Build Order

BattleB Terran - Winner!

Build Orders: Cyclone Opening 

Get SALT Encoding   

  12  0:00  SCV  
  13  0:12  SCV  
  14  0:16  Supply Depot  
  14  0:24  SCV  
  15  0:38  SCV  
  15  0:40  Barracks  
  16  0:44  Refinery  
  16  0:50  SCV  
  17  1:02  SCV  
  17  1:03  Engineering Bay  
  18  1:16  SCV  
  19  1:27  Marine  
  19  1:28  Orbital Command  
  20  1:34  Supply Depot  
  20  1:44  Factory  
  20  1:47  Marine  
  22  1:54  SCV  
  22  2:05  Barracks Reactor  
  22  2:06  SCV  
  23  2:16  Command Center  
  23  2:19  SCV  
  24  2:27  Factory Tech Lab  
  24  2:31  Supply Depot, SCV  
  25  2:42  Marine x2  
  28  2:49  Cyclone, Barracks  
  30  2:53  SCV  
  31  2:59  Marine x2  
  33  3:09  SCV  
  33  3:12  Refinery  
  34  3:17  Marine x2  
  36  3:21  SCV  
  37  3:27  Cyclone  
  37  3:29  Orbital Command  
  40  3:35  SCV, Marine x2  
  40  3:37  Barracks Tech Lab  
  43  3:49  SCV  
  43  3:53  Marine x2  
  43  3:55  SCV  
  47  3:57  Marine  
  47  3:59  Cyclone  
  47  4:01  SCV  
  52  4:07  SCV  
  52  4:11  Marine x2  
  52  4:12  Stimpack  
  54  4:19  SCV  
  54  4:20  SCV  
  54  4:21  Marine  
  54  4:25  Bunker  
  54  4:30  Supply Depot  
  54  4:32  Supply Depot, SCV  
  54  4:40  SCV  
  54  4:41  Marine  
  54  4:44  Marine  
  54  4:45  SCV  
  54  4:48  Marine  
  54  4:51  Siege Tank  
  54  4:52  SCV  
  58  4:53  Engineering Bay  
  58  4:57  SCV  
  58  5:02  Refinery  
  58  5:04  SCV  
  58  5:05  Marine x2  
  61  5:09  SCV, Marine  
  61  5:13  Starport  
  63  5:16  SCV  
  63  5:21  SCV  
  63  5:22  Terran Infantry Weapons Level 1  
  63  5:24  Marine x2  
  61  5:28  Marine  
  61  5:30  SCV  
  61  5:35  Supply Depot, Refinery  
  63  5:37  Supply Depot, SCV, Barracks  
  63  5:42  SCV  
  65  5:43  Siege Tank  
  65  5:44  Marine x2  
  65  5:49  SCV  
  69  5:51  Marine  
  69  5:54  Combat Shield  
  70  5:57  SCV  
  70  5:59  Supply Depot  
  70  6:01  SCV  
  70  6:02  Starport Reactor, Marine x2  
  74  6:09  Marine  
  75  6:13  SCV  
  75  6:15  Supply Depot, Siege Tank  
  79  6:20  Marine x2  
  79  6:24  Barracks Tech Lab  
  81  6:27  Supply Depot  
  81  6:31  Marine  
  79  6:38  Marine x2  
  78  6:40  Medivac x2  
  78  6:44  Concussive Shells  
  78  6:45  Marauder  
  84  6:48  Command Center  
  84  6:50  Marine  
  84  6:53  Factory Reactor  
  85  6:56  Barracks x2  
  85  6:58  Supply Depot, Marine x2  
  87  7:01  SCV x2  
  87  7:06  Marine  
  87  7:07  Marine  
  91  7:14  Supply Depot, SCV  
  91  7:15  SCV  
  93  7:17  Marine x2  
  93  7:19  Medivac  
  93  7:21  Terran Infantry Armor Level 1  
  97  7:24  Marauder  
  97  7:26  Medivac  
  97  7:27  SCV x2  
  103  7:31  Marauder  
  103  7:33  Widow Mine  
  107  7:39  Marine x2  
  107  7:42  SCV x2  
  93  7:46  Barracks Reactor  
  93  7:47  Marauder  
  93  7:48  Marauder  
  96  7:54  Marauder  
  96  7:55  SCV  
  96  7:56  SCV  
  96  7:57  Widow Mine x2  
  104  8:01  Medivac x2  
  104  8:04  Marine  
  103  8:07  SCV  
  103  8:09  Marine x2  
  103  8:12  Orbital Command  
  105  8:16  Marauder, Marine  
  108  8:21  Widow Mine x2  
  108  8:23  Marine x2  
  108  8:26  Marine  
  115  8:31  Marine  
  115  8:32  Marauder  
  115  8:33  Ghost Academy  
  115  8:39  Medivac  
  115  8:40  Medivac, Marine  
  118  8:44  Marine  
  118  8:48  SCV x2, Refinery x2  
  115  8:49  SCV, Marine x3  
  115  8:52  Widow Mine x2  
  115  8:53  Marine  
  115  8:54  Marine  
  125  9:00  SCV x2  
  125  9:01  Marauder, Supply Depot  
  129  9:05  Enhanced Shockwaves  
  129  9:10  Marine x2  
  129  9:11  Marine, Ghost  
  129  9:12  Marine  
  129  9:16  Ghost  
  137  9:22  Widow Mine x2, Medivac  
  143  9:33  Ghost  
  143  9:35  Marine x2  
  143  9:37  Marine  
  128  9:39  Marine  
  128  9:41  Marine  
  128  9:45  Widow Mine x2, Marine  
  107  9:53  Marine  
  107  9:56  Marine x2  
  107  9:59  SCV  
  108  10:00  Marauder, Marine  
  108  10:02  Marine  
  93  10:15  Marine  
  93  10:16  SCV, Marine  
  94  10:22  Marine  
  94  10:23  Marine  
  94  10:27  Marine x2  
  92  10:28  Marine  
  92  10:33  Marine  
  92  10:34  Marine  
  89  10:40  Marine x2  
  89  10:41  Medivac  
  89  10:42  Widow Mine x2, Medivac  
  99  10:43  SCV x2  
  99  10:44  SCV  
  99  10:45  Marine  
  99  10:46  Marine  
  99  10:49  Marine  
  105  10:50  Marine  
  105  10:52  Marine  
  105  10:55  SCV x2  
  103  10:57  SCV  
  103  10:58  Marine x2  
  103  11:03  Marine  
  96  11:04  Marine  
  96  11:06  Widow Mine, Marine  
  96  11:07  Widow Mine, SCV  
  96  11:08  Marine  
  96  11:09  Marine  
  96  11:11  SCV x2  
  104  11:13  Medivac x2  
  104  11:16  Marine  
  104  11:17  Marine  
  110  11:19  SCV  
  110  11:22  Marauder x2  
  110  11:23  SCV x2  
  117  11:26  Armory, Marine  
  117  11:27  Marine x2  
  117  11:28  Engineering Bay  
  117  11:31  SCV  
  117  11:32  Widow Mine  
  121  11:34  Marine  
  121  11:35  Marine  
  111  11:42  Widow Mine  
  111  11:43  Marine x2  
  111  11:44  SCV x2, Marine  
  111  11:45  SCV, Marine x2  
  112  11:49  Medivac x2  
  112  11:52  Marine  
  111  11:55  Marine  
  111  11:56  Widow Mine  
  111  12:04  Marine x2  
  111  12:07  Marauder x3  
  118  12:14  Marine  
  118  12:15  Marine  
  118  12:16  Widow Mine  
  118  12:17  Widow Mine  
  118  12:24  Marine x2  
  118  12:25  Medivac x2  
  118  12:27  Terran Infantry Weapons Level 2, Terran Infantry Armor Level 2  
  118  12:28  Marine  
  123  12:30  Marauder x2  
  123  12:34  Marine  
  123  12:37  Marine  
  125  12:41  Widow Mine x2  
  125  12:42  Marine  
  129  12:46  Marauder  
  129  12:47  Marine  
  129  12:51  Marauder, Marine  
  132  12:55  Marine x2  
  133  12:59  Medivac x2  
  133  13:01  Marine  
  133  13:05  Marine  
  137  13:06  Widow Mine x2  
  137  13:07  Ghost  
  137  13:09  Marine  
  138  13:16  Marine x2  
  138  13:17  Marauder  
  129  13:21  Marine  
  128  13:27  Marauder  
  128  13:29  Medivac x2  
  128  13:31  Widow Mine x2  
  128  13:32  Marine  
  128  13:34  Orbital Command  
  128  13:36  Marauder  
  128  13:39  Marauder, Marine x2  
  130  13:42  Marine  
  124  13:48  Marauder  
  124  13:50  Marine  
  124  13:55  Widow Mine x2  
  131  13:57  Marine x2  
  131  13:58  Marauder  
  131  13:59  Marine  
  131  14:02  Marine  
  137  14:08  Medivac x2, Marine  
  139  14:10  Marauder  
  139  14:14  Marine  
  136  14:18  Marauder, Marine  
  136  14:19  Marauder  
  136  14:20  Widow Mine x2, Marine  
  145  14:26  Marine  
  148  14:32  Refinery  
  148  14:33  Refinery  

Tags
 
Add a new tag
Caveats
  • Supply blocks, unpowered buildings, or Contaminate may cause inaccurate times.
  • Supply counts are checked every 10 seconds.